 Dungeon Crawl Stone Soup version 0.24-a0-252-g5076262 (webtiles) character file.

Game seed: 2578595137862256384

1190 vorskei the Geomancer (level 8, -3/46 HPs)
             Began as a Gargoyle Earth Elementalist on Apr 18, 2019.
             Was a Follower of Vehumet.
             Slain by an ogre
             ... wielding a +0 giant spiked club
              (10 damage)
             ... on level 6 of the Dungeon.
             The game lasted 00:20:40 (5577 turns).

vorskei the Geomancer (Gargoyle Earth Elementalist) Turns: 5577, Time: 00:20:40

Health: -3/46      AC: 14    Str: 12    XL:     8   Next: 43%
Magic:  3/12       EV: 11    Int: 18    God:    Vehumet [*.....]
Gold:   170        SH:  0    Dex: 10    Spells: 2/13 levels left

rFire    . . .     SeeInvis .   q - +1 dagger (drain)
rCold    . . .     Gourm    .   (no shield)
rNeg     + + .     Faith    .   w - +0 leather armour {rN+}
rPois    ∞         Spirit   .   (no helmet)
rElec    +         Reflect  .   (no cloak)
rCorr    .         Harm     .   (no gloves)
MR       .....                  o - +0 pair of boots
Stlth    ++........             (no amulet)
HPRegen  0.15/turn              B - +2 ring of protection
MPRegen  0.13/turn              p - +3 ring of protection

@: no status effects
A: negative energy resistance 1, electricity resistance, unbreathing,
petrification resistance, rot immunity, AC +5
a: Renounce Religion


You were on level 6 of the Dungeon.
You worshipped Vehumet.
Vehumet was aware of your devotion.
You were not hungry.

You visited 2 branches of the dungeon, and saw 7 of its levels.

You collected 170 gold pieces.

Inventory:

Hand Weapons
 n - a +2 short sword of venom
 q - a +1 dagger of draining (weapon)
 t - a +0 hunting sling
 y - a +1 flail
Missiles
 b - 118 stones (quivered)
 h - 70 sling bullets
 v - 57 arrows
 K - 22 bolts
Armour
 a - a +0 scale mail
 c - a +0 robe
 o - a +0 pair of boots (worn)
 r - a +0 ring mail
 w - a +0 leather armour of positive energy (worn)
Jewellery
 f - an uncursed ring of see invisible {unknown}
 p - a +3 ring of protection (right hand)
 s - an uncursed ring of see invisible {unknown}
 u - an uncursed amulet of magic regeneration {unknown}
 B - a +2 ring of protection (left hand)
 C - a +4 ring of intelligence {unknown}
Scrolls
 e - 4 scrolls of remove curse
 j - 2 scrolls of fog {unknown}
 k - a scroll of enchant weapon
 m - 3 scrolls of immolation {unknown}
 x - a scroll of enchant armour {unknown}
 z - a scroll of magic mapping {unknown}
 D - 2 scrolls of identify
 E - a scroll of fear {unknown}
 J - 3 scrolls of amnesia {unknown}
Potions
 g - 3 potions of curing
 i - 2 potions of flight {unknown}
 l - a potion of mutation {unknown}
 A - 3 potions of brilliance
 F - a potion of degeneration {unknown}
 G - a potion of cancellation {unknown}
 H - a potion of might {unknown}
Comestibles
 d - 7 rations
 I - 2 chunks of flesh


   Skills:
 - Level 3.1 Fighting
 - Level 1.5 Dodging
 - Level 2.1 Stealth
 - Level 3.2 Spellcasting
 - Level 2.1 Conjurations
 - Level 0.7 Transmutations
 + Level 10.7 Earth Magic


You had 2 spell levels left.
You knew the following spells:

 Your Spells              Type           Power        Failure   Level  Hunger
a - Passwall              Tmut/Erth      ###.....     3%          2    ##.....
e - Lee's Rapid Deconstr  Erth           #####.....   7%          5    ######.
q - Sandblast             Erth           #####.       1%          1    None
w - Stone Arrow           Conj/Erth      ####..       4%          3    ###....

Your spell library contained the following spells:

 Spells                   Type           Power        Failure   Level  Hunger
 Flame Tongue             Conj/Fire      #....        13%         1    None
 Petrify                  Tmut/Erth      ###.....     19%         4    ####...


Dungeon Overview and Level Annotations

Branches:
Dungeon (6/15)             Temple (1/1) D:4

Altars:
Ashenzari
Dithmenos
Fedhas
Gozag
Hepliaklqana
Kikubaaqudgha
Makhleb
Nemelex Xobeh
Qazlal
Ru
Sif Muna
Uskayaw
Vehumet
Xom
Zin

Shops:
D:4 [   D:6 *

Annotations:
D:4 1 runed translucent door, stupendous's ghost, amateur FoFi


Innate Abilities, Weirdness & Mutations

You are resistant to torment.
Your stone body is resilient. (AC +5)
You are immune to poison.
You resist negative energy. (rN+)
You are resistant to electric shocks. (rElec)
You can survive without breathing.
You are immune to petrification.
You are immune to rotting.


Message History

The ogre hits you with a +0 giant spiked club!!
* * * LOW HITPOINT WARNING * * *
Something hits you.
* * * LOW HITPOINT WARNING * * *
Something shocks you. You resist.
* * * LOW HITPOINT WARNING * * *
The sky beast flickers out of sight!
Something hits you but does no damage.
You hit something but do no damage. Something barely misses you.
The ogre hits you but does no damage.
A sky beast appears from thin air!
Reactivating autopickup.
The sky beast hits you.
* * * LOW HITPOINT WARNING * * *
The sky beast shocks you. You resist.
* * * LOW HITPOINT WARNING * * *
Deactivating autopickup; reactivate with Ctrl-A.
You hit something. Something hits you but does no damage.
The sky beast barely misses you.
You hit something but do no damage.
The ogre hits you with a +0 giant spiked club!
You die...

##..... #...... ###
#...... ###.## #..
#......
#....##...#####...
###.....##....##....
#......###......#...
##..Y....#..........
#..@...............#
#...O##............#
#...h##.....P.......
#..........#..∩......
................P..<..
..###..................
..# ##..##.....#......#
.. #.....##.##..###..
#......#........#.#


You could see a sky beast, an ogre and a hound.

Vanquished Creatures
  A phantom (D:4)
  A necrophage (D:5)
  An ogre (D:5)
  2 big kobolds (D:4)
  A water moccasin zombie (D:5)
  A scorpion (D:6)
  A howler monkey (D:3)
  2 bullfrog zombies
  A crimson imp (D:6)
  2 centaur skeletons
  An orc wizard (D:4)
  2 orc priests
  A hound (D:6)
  An iguana (D:4)
  A bullfrog skeleton (D:5)
  4 worker ants
  A hound zombie (D:5)
  A howler monkey zombie (D:6)
  8 adders
  2 shadow imps
  An adder skeleton (D:4)
  3 worms
  3 dart slugs
  3 leopard geckos
  20 orcs
  3 giant cockroaches
  6 goblins
  2 hobgoblins (D:3)
  5 jackals
  A quokka (D:5)
  A ball python (D:3)
  5 bats
  4 frilled lizards
  12 kobolds
  8 rats
112 creatures vanquished.

Vanquished Creatures (others)
  2 withered plants (D:4)
2 creatures vanquished.

Grand Total: 114 creatures vanquished

Notes
Turn   | Place    | Note
-------+----------+-------------------------------------------
     0 | D:1      | vorskei the Gargoyle Earth Elementalist began the quest for
                  | the Orb.
     0 | D:1      | Reached XP level 1. HP: 10/10 MP: 3/3
    40 | D:1      | Reached skill level 4 in Earth Magic
   134 | D:1      | Reached XP level 2. HP: 15/15 MP: 3/5
   691 | D:1      | Reached skill level 5 in Earth Magic
   691 | D:1      | Reached XP level 3. HP: 19/19 MP: 2/6
  1173 | D:2      | Reached XP level 4. HP: 20/24 MP: 2/7
  1312 | D:2      | Reached skill level 1 in Fighting
  1324 | D:2      | Found a stormy altar of Qazlal.
  1413 | D:2      | Found a sacrificial altar of Ru.
  1464 | D:2      | Found an ancient bone altar of Kikubaaqudgha.
  1550 | D:2      | Found a hazy altar of Hepliaklqana.
  1823 | D:2      | Found a deep blue altar of Sif Muna.
  2390 | D:3      | Reached XP level 5. HP: 18/30 MP: 2/9
  2505 | D:3      | Reached skill level 6 in Earth Magic
  3026 | D:4      | Noticed a phantom
  3034 | D:4      | Killed a phantom
  3034 | D:4      | Reached skill level 7 in Earth Magic
  3034 | D:4      | Reached XP level 6. HP: 35/35 MP: 3/10
  3137 | D:4      | Found Xax Atif's Antique Armour Shop.
  3181 | D:4      | Learned a level 2 spell: Passwall
  3185 | D:4      | Learned a level 3 spell: Stone Arrow
  3191 | D:4      | Learned a level 5 spell: Lee's Rapid Deconstruction
  3230 | D:4      | Found a staircase to the Ecumenical Temple.
  3334 | D:4      | Found a runed translucent door.
  3335 | D:4      | Noticed stupendous's ghost (amateur FoFi)
  3615 | D:4      | Reached skill level 8 in Earth Magic
  3616 | D:4      | Reached XP level 7. HP: 36/40 MP: 4/11
  3878 | D:4      | Reached skill level 1 in Conjurations
  4007 | Temple   | Entered the Ecumenical Temple
  4321 | Temple   | Became a worshipper of Vehumet
  4384 | D:5      | Entered Level 5 of the Dungeon
  4387 | D:5      | Found a sparkling altar of Nemelex Xobeh.
  4854 | D:5      | Reached skill level 9 in Earth Magic
  4898 | D:5      | Reached XP level 8. HP: 44/46 MP: 3/12
  5195 | D:5      | Reached skill level 10 in Earth Magic
  5489 | D:6      | Found Foboeb's Assorted Antiques.
  5521 | D:6      | Reached * piety under Vehumet
  5521 | D:6      | Offered knowledge of Flame Tongue by Vehumet.
  5577 | D:6      | Slain by an ogre

Levels and vault maps discovered:
D:1:      dpeg_arrival_pits, layout_loops_ring
D:2:      minmay_alternating_diamond, layout_loops_cross,
          nicolae_ru_sacrificial_ziggurat, nicolae_overflow_hidden_temple,
          lemuel_doored_altar, kiku_gazebo_pond_becter, grunt_qazlal_clouds,
          first_ration, nrook_mini_vaults
D:3:      layout_loops_ring
D:4:      cheibrodos_thug_alley, layout_loops_ring, minmay_temple_entry_waves,
          serial_shops, shop_statue, gammafunk_ghost_grave
D:5:      layout_loops_ring, nemelex_xobeh_ov_fountains_minmay,
          roderic_lattice_a, serial_bayou_pond_d
D:6:      layout_cave_pools, serial_shops, nicolae_shop_overgrown_old_shop,
          corexii_item_surrounded_by_moat, serial_bayou_lagoon_a,
          minmay_crystal_room, corexii_hall_statues_l
Temple:   compressed_dpeg_triangle_lava_temple

Skill      XL: |  1  2  3  4  5  6  7  8 |
---------------+-------------------------+-----
Earth Magic    | 4 5 7 8 9 10 | 10.7
Fighting       | 2 3 |  3.1
Spellcasting   | 3 |  3.2
Conjurations   | 2 |  2.1
Dodging        | |  1.5
Stealth        | |  2.1
Transmutations | |  0.7

Action                   |  1- 3 |  4- 6 |  7- 9 || total
-------------------------+-------+-------+-------++-------
Melee: Unarmed           |    11 |       |       ||    11
       Club              |    55 |     3 |       ||    58
       Short sword       |     3 |       |    18 ||    21
       Falchion          |       |    60 |       ||    60
       Flail             |       |   152 |       ||   152
       Dagger            |       |       |    83 ||    83
 Cast: Sandblast         |    35 |    22 |    22 ||    79
       Stone Arrow       |       |     3 |    17 ||    20
  Use: Scroll            |       |     4 |       ||     4
 Stab: Sleeping          |       |     2 |     2 ||     4
  Eat: Chunk             |     1 |     9 |     5 ||    15
       Ration            |       |       |     1 ||     1
Armor: Robe              |    20 |       |       ||    20
       Ring mail         |    32 |    76 |       ||   108
       Leather armour    |       |    34 |    88 ||   122
Dodge: Dodged            |    68 |   137 |    69 ||   274
       Rpst.: Falchion   |       |    21 |       ||    21

Table legend:
 A = Non-vault XP
 B = Vault XP
 C = Vault XP percentage of total XP
 D = Non-vault monster count
 E = Vault monster count
 F = Vault count percentage of total count
                 A         B        C        D         E       F
            +---------+---------+-------+---------+---------+-------
      Total |    1468 |     232 |  13.6 |      99 |      13 |  11.6
            +---------+---------+-------+---------+---------+-------
        D:1 |      35 |       0 |   0.0 |      20 |       0 |   0.0
        D:2 |      60 |      19 |  24.1 |      18 |       4 |  18.2
        D:3 |     192 |       0 |   0.0 |      27 |       0 |   0.0
        D:4 |     309 |     213 |  40.8 |      11 |       9 |  45.0
        D:5 |     556 |       0 |   0.0 |      14 |       0 |   0.0
        D:6 |     316 |       0 |   0.0 |       9 |       0 |   0.0
            +---------+---------+-------+---------+---------+-------
